 Dungeon Crawl Stone Soup version 0.28.0-45-g0d030f2227 (webtiles) character file.

Game seed: 7745134361029031318

231 101zpm the Chiller (level 5, -1/32 (38) HPs)
             Began as a Draconian Ice Elementalist on Apr 19, 2022.
             Slain by Edmund
             ... wielding a +2 dire flail of draining
              (2 damage)
             ... on level 4 of the Dungeon.
             The game lasted 00:09:45 (4258 turns).

101zpm the Chiller (Draconian Ice Elementalist)     Turns: 4258, Time: 00:09:46

HP:   -1/32 (38)    AC:  5    Str: 10    XL:     5   Next: 72%
MP:   7/10          EV: 12    Int: 17    God:
Gold: 115           SH:  0    Dex: 12    Spells: 10/11 levels left

rFire   . . .      SeeInvis .   j - staff of cold
rCold   + . .      Faith    .   (no shield)
rNeg    . . .      Spirit   .   (armour unavailable)
rPois   .          Reflect  .   (helmet restricted)
rElec   .          Harm     .   (no cloak)
rCorr   .          Rampage  .   (no gloves)
Will    .....                   (no boots)
Stlth   ++........              (no amulet)
HPRegen 0.10/turn               (no ring)
MPRegen 0.12/turn               (no ring)

@: heavily drained
A: AC +5, unfitting armour, cold-blooded
a: no special abilities


You were on level 4 of the Dungeon.
You visited 1 branch of the dungeon, and saw 4 of its levels.

You collected 203 gold pieces.
You spent 88 gold pieces at shops.

Inventory:

Missiles
 i - 2 throwing nets
Magical Staves
 g - a staff of poison
 j - a staff of cold (weapon)
Wands
 k - a wand of digging (5)
Scrolls
 b - a scroll of holy word
 e - a scroll of enchant armour
 f - a scroll of teleportation
 h - 3 scrolls of identify
Potions
 a - 2 potions of heal wounds {unknown}
 c - 7 potions of curing
 d - a potion of haste {unknown}


   Skills:
 + Level 0.2 Fighting
 + Level 2.6 Dodging
 + Level 2.6 Stealth
 + Level 0.1 Unarmed Combat
 + Level 3.8 Spellcasting
 + Level 5.1 Ice Magic


You had 10 spell levels left.
You knew the following spells:

 Your Spells              Type           Power      Damage    Failure   Level
a - Freeze                Ice            100%       1d11      1%          1

Your spell library contained the following spells:

 Spells                   Type           Power      Damage    Failure   Level
 Frozen Ramparts          Ice            62%        1d8       6%          3
 Ozocubu's Armour         Ice            31%        N/A       6%          3
 Ensorcelled Hibernation  Hex/Ice        36%        N/A       9%          2
 Passwall                 Tmut/Erth      2%         N/A       24%         2
 Swiftness                Air            3%         N/A       43%         3
 Hailstorm                Conj/Ice       18%        3d6       50%         4


Dungeon Overview and Level Annotations

Branches:
Dungeon (4/15)
 Temple: D:4-7

Altars:
Dithmenos
Makhleb
Qazlal
Trog

Shops:
D:2 *   D:3 ?

Annotations:
D:4 Blork the orc, Edmund


Innate Abilities, Weirdness & Mutations

Your plain brown scales are hard. (AC +5)
You cannot fit into any form of body armour.
You are cold-blooded and may be slowed by cold attacks.


Message History

You feel a surge of power!
You freeze Edmund.
Edmund is lightly wounded.
Edmund closely misses you.
Aiming: Freeze (safe; 1% risk of failure)
Press: ? - help, Q - select action, (/) - cycle Shift-Dir - straight line, f/p - Edmund
Aim: Edmund, wielding a +2 dire flail of draining and wearing a +0 leather armour (lightly wounded)
You feel a surge of power!
You freeze Edmund!
Edmund is moderately wounded.
Edmund hits you with a +2 dire flail of draining.
You feel drained.
You see here a +0 club.
Edmund gestures with his flail.
Aiming: Freeze (safe; 1% risk of failure)
Press: ? - help, Q - select action, (/) - cycle Shift-Dir - straight line, f/p - Edmund
Aim: Edmund, wielding a +2 dire flail of draining and wearing a +0 leather armour (moderately wounded)
You feel a surge of power!
You freeze Edmund!
Edmund is heavily wounded.
Edmund hits you with a +2 dire flail of draining!
You feel drained.
Found a scroll labelled ZANNOONTIBUE.
Aiming: Freeze (safe; 1% risk of failure)
Press: ? - help, Q - select action, (/) - cycle Shift-Dir - straight line, f/p - Edmund
Aim: Edmund, wielding a +2 dire flail of draining and wearing a +0 leather armour (heavily wounded)
You feel a surge of power!
You freeze Edmund.
Edmund is heavily wounded.
Edmund barely misses you.
Aiming: Freeze (safe; 1% risk of failure)
Press: ? - help, Q - select action, (/) - cycle Shift-Dir - straight line, f/p - Edmund
Aim: Edmund, wielding a +2 dire flail of draining and wearing a +0 leather armour (heavily wounded)
You feel a surge of power!
You freeze Edmund.
Edmund is heavily wounded.
Edmund clears his throat.
Edmund hits you with a +2 dire flail of draining!
* * * LOW HITPOINT WARNING * * *
You feel drained.
A jackal comes into view.
Edmund hits you with a +2 dire flail of draining.
* * * LOW HITPOINT WARNING * * *
You feel drained.
You die...

# #o# #(......# # #.# #.#.#.#.##
# #.# #........# # #######.####
#.#.#.#..#### # #.......[..#
#.!..........
#######..........####.#.#.#......
......'.....................>....
#######..........#######.#.......
# #.........@#### #.#.......
###########.....@...## #.#.......
........)............# ........
###########......#.#..# ##.......
.......# #...........# ######.#
#......#.#..# .....#
#...........# .#####
##.####...#.# ...# #.. .......h


You could see Edmund.

Vanquished Creatures
  A jelly (D:4)
  Terence (D:3)
  Natasha (thrice) (D:3)
  4 adders
  A river rat (D:3)
  An ufetubus (D:4)
  2 worms
  2 dart slugs (D:3)
  2 orcs
  2 bats
  5 endoplasms
  2 goblins
  5 hobgoblins
  A jackal (D:4)
  3 ball pythons
  4 frilled lizards
  A kobold (D:3)
  7 rats
47 creatures vanquished.

Notes
Turn   | Place    | Note
-------+----------+-------------------------------------------
     0 | D:1      | 101zpm the Draconian Ice Elementalist began the quest for
                  | the Orb.
     0 | D:1      | Reached XP level 1. HP: 14/14 MP: 3/3
   258 | D:2      | Found a stormy altar of Qazlal.
   484 | D:2      | Reached XP level 2. HP: 20/20 MP: 0/5
   570 | D:2      | Found Gaodek's Assorted Antiques.
   980 | D:2      | Reached XP level 3. HP: 19/26 MP: 1/6
  1880 | D:3      | Found Mieckaumist's Magic Scroll Emporium.
  1891 | D:3      | Reached XP level 4. HP: 33/33 MP: 5/8
  2013 | D:3      | Noticed Terence
  2019 | D:3      | Killed Terence
  2308 | D:3      | Found a burning altar of Makhleb.
  2308 | D:3      | Found a shadowy altar of Dithmenos.
  2308 | D:3      | Found a bloodstained altar of Trog.
  2513 | D:3      | Bought a scroll of identify for 22 gold pieces
  2513 | D:3      | Bought a scroll of identify for 22 gold pieces
  2513 | D:3      | Bought a scroll of identify for 22 gold pieces
  2513 | D:3      | Bought a scroll of identify for 22 gold pieces
  3510 | D:4      | Reached XP level 5. HP: 38/38 MP: 6/10
  3681 | D:4      | Noticed Natasha
  3682 | D:4      | Noticed Edmund
  3869 | D:3      | Killed Natasha
  3944 | D:4      | Noticed Blork the orc
  3944 | D:4      | Noticed a necrophage
  4018 | D:3      | Noticed Natasha
  4024 | D:3      | Killed Natasha
  4025 | D:3      | Reached skill level 5 in Ice Magic
  4118 | D:3      | Noticed Natasha
  4126 | D:3      | Killed Natasha
  4258 | D:4      | HP: 1/34 [Edmund/+2 dire flail of draining (6)]
  4258 | D:4      | Slain by Edmund

Illustrated notes

Levels and vault maps discovered:
D:1:      sevenhm_arrival_forest_fort_small_3, layout_loops_corners,
          lemuel_old_faithful
D:2:      layout_basic, serial_shops, nicolae_shop_competitors_out_of_business,
          basic_altar, st_stairs_10
D:3:      layout_loops_ring, gammafunk_temple_overflow_claw, serial_shops, shop,
          gup_sewer_entry_bowl, uniq_terence
D:4:      gammafunk_cloud_chamber, layout_basic, grunt_temple_overflow_diamond,
          serial_glass, glass_columns_a, glass_columns_b, due_unseen_surprise,
          feat_on_display, item_on_display_a, uniq_blork_the_orc, uniq_natasha,
          uniq_edmund, uniq_pikel

Skill      XL: |  1  2  3  4  5 |
---------------+----------------+-----
Dodging        | 2 |  2.6
Stealth        | 2 |  2.6
Spellcasting   | 3 |  3.8
Ice Magic      | 5 |  5.1
Fighting       | |  0.2
Unarmed Combat | |  0.1

Action                   |  1- 3 |  4- 6 || total
-------------------------+-------+-------++-------
Melee: Unarmed           |    11 |     2 ||    13
       Punch             |     1 |       ||     1
       Tailslap          |     1 |       ||     1
       Staff             |       |     4 ||     4
 Cast: Freeze            |    53 |    54 ||   107
  Use: Scroll            |       |     4 ||     4
Armor: Skin              |    11 |    11 ||    22
Dodge: Dodged            |    32 |    36 ||    68
